 Dungeon Crawl Stone Soup version 0.26.1-11-gd32895ea62 (webtiles) character file.

Game seed: 15378216566401845836

1511 phalm the Magician (level 8, -1/52 HPs)
             Began as a Demonspawn Conjurer on June 18, 2021.
             Was an Initiate of Gozag.
             Slain by an orc warrior
             ... wielding a +3 halberd
              (8 damage)
             ... in a bailey.
             The game lasted 00:16:49 (9488 turns).

phalm the Magician (Demonspawn Conjurer)            Turns: 9488, Time: 00:16:50

Health: -1/52      AC:  6    Str:  9    XL:     8   Next: 53%
Magic:  16/18      EV: 12    Int: 21    God:    Gozag
Gold:   851        SH:  0    Dex: 11    Spells: 9/20 levels left

rFire    . . .     SeeInvis .   r - +0 lajatang
rCold    + . .     Faith    .   (shield currently unavailable)
rNeg     + . .     Spirit   .   a - +0 robe
rPois    .         Reflect  +   (no helmet)
rElec    .         Harm     .   (no cloak)
rCorr    .         Rampage  .   E - +0 pair of gloves
Will     .....                  (no boots)
Stlth    +.........             q - amulet of reflection
HPRegen  0.17/turn              Y - +4 ring of slaying
MPRegen  0.16/turn              N - ring of positive energy

@: confused, attractive
A: thin metallic scales 2, cold resistance 1
a: Renounce Religion, Potion Petition, Call Merchant, Bribe Branch


You were in a bailey.
You worshipped Gozag.
Gozag was pleased with you.
You visited 1 branch of the dungeon, and saw 7 of its levels.
You also visited: Bailey.

You collected 1088 gold pieces.
You paid 237 gold pieces to Gozag.


Innate Abilities, Weirdness & Mutations

You are mostly covered in thin metallic scales. (AC +3)
Your flesh is cold resistant. (rC+)


   Skills:
 - Level 1.7 Dodging
 - Level 1.7 Stealth
 * Level 6.9 Spellcasting
 + Level 6.4 Conjurations
 - Level 4.0 Hexes
 + Level 3.7 Translocations


You had 9 spell levels left.
You knew the following spells:

 Your Spells              Type           Power        Failure   Level
f - Fulminant Prism       Conj/Hex       14%          11%         4
m - Magic Dart            Conj           100%         1%          1
s - Searing Ray           Conj           68%          1%          2
X - Iskenderun's Mystic   Conj/Tloc      28%          11%         4

Your spell library contained the following spells:

 Spells                   Type           Power        Failure   Level
 Dazzling Flash           Conj/Hex       58%          3%          3

Inventory:

Hand Weapons
 h - a +0 mace
   (You found it on level 1 of the Dungeon)
 r - a +0 lajatang (weapon)
   (You found it on level 2 of the Dungeon)
Missiles
 b - 140 arrows
 d - 295 stones
 l - 24 poisoned darts
 s - 40 bolts
 w - 13 sling bullets
 x - 4 silver boomerangs
 y - 5 boomerangs
 H - 4 curare-tipped darts {=f}
Armour
 a - a +0 robe (worn)
 k - a +0 kite shield
   (You found it on level 1 of the Dungeon)
 E - a +0 pair of gloves (worn)
   (You found it on level 5 of the Dungeon)
Jewellery
 q - an amulet of reflection (around neck)
   (You found it on level 2 of the Dungeon)
 D - a +6 ring of dexterity
   (You found it on level 3 of the Dungeon)
 G - an uncursed amulet of guardian spirit
   (You found it on level 2 of the Dungeon)
 N - a ring of positive energy (right hand)
   (You found it on level 5 of the Dungeon)
 Y - a +4 ring of slaying (left hand)
   (You found it on level 7 of the Dungeon)
Wands
 K - a wand of acid (5)
   (You found it on level 6 of the Dungeon)
Scrolls
 e - 2 scrolls of enchant weapon {unknown}
 f - 6 scrolls of teleportation {@r4}
 g - 2 scrolls of enchant armour {unknown}
 m - 5 scrolls of remove curse {@r2}
 n - a scroll of noise {!r}
 t - 3 scrolls of amnesia
 v - 2 scrolls of identify {@r1}
 J - a scroll of fog {unknown}
Potions
 c - 2 potions of lignification {unknown}
 i - 2 potions of resistance {unknown}
 j - 2 potions of attraction {!q}
 o - a potion of brilliance {unknown}
 p - 2 potions of invisibility {unknown}
 u - 3 potions of curing {@q1}
 z - a potion of degeneration {unknown}
 A - a potion of flight {unknown}
 B - 2 potions of mutation {unknown}
 I - 2 potions of ambrosia

Dungeon Overview and Level Annotations

Branches:
Dungeon (7/15)             Temple (0/1) D:4          Bailey (1/1)

Altars:
Cheibriados
Dithmenos
Elyvilon
Fedhas
Gozag
Nemelex Xobeh
Okawaru
Qazlal
Uskayaw
Wu Jian
Xom
Zin

Portals:
Abyss: D:6

Annotations:
D:6 2 transporters, Ekaitz's ghost, novice DsWz

#.......#
#.......#
#.......#
#...$...#
#...$.).#
#...$)).#
#∩.$)))∩#
#....)o.#
##..∩@.##
#######


You could see an orc warrior.


Message History

You lost 1 mp, and now have 6/18 mp.
The magic dart hits the orc. 😎 MP[-1]
You lost 1 mp, and now have 5/18 mp.
The magic dart hits the orc.
The magic dart hits the orc but does no damage.
The orc hits you from afar with a +0 trident. 😕 HP[-6] MP[-1]
You take 6 damage, and now have 46/52 hp.
You lost 1 mp, and now have 4/18 mp.
The magic dart hits the orc but does no damage.
The orc hits you from afar with a +0 trident. 😕 HP[-1] MP[-1]
You take 1 damage, and now have 45/52 hp.
You lost 1 mp, and now have 3/18 mp.
The magic dart hits the orc but does no damage.
The orc hits you from afar with a +0 trident. 😕 HP[-2] MP[-1]
You take 2 damage, and now have 43/52 hp.
You lost 1 mp, and now have 2/18 mp.
The magic dart hits the orc.
You kill the orc! 😕 MP[-1]
You lost 1 mp, and now have 1/18 mp.
You now have 851 gold pieces (gained 13).
Things that are here:
a +0 trident; a +0 chain mail; a +0 halberd 😕 HP[+1] MP[+1]
There is an empty arch of ancient stone, spattered with blood here.
An orc warrior comes into view.
It is wielding a +0 halberd. 😕 HP[+2] MP[+2]
You regained 2 hp, and now have 46/52 hp.
You regained 2 mp, and now have 4/18 mp.
It was a potion of curing.
You feel better. 😎 HP[+6]
Your hp is fully restored (52).
Casting: Magic Dart (safe; 1% risk of failure)
Confirm with . or Enter, or press ? or * to list all spells.
Aiming: Searing Ray (safe; 1% risk of failure)
Press: ? - help, Shift-Dir - straight line, f - orc warrior
Aim: an orc warrior, wielding a +0 halberd and wearing a +0 chain mail (22% to evade)
The searing ray hits the orc warrior. (Press . to maintain the ray.) 😎 MP[-1]
You lost 1 mp, and now have 3/18 mp.
The searing ray hits the orc warrior.
The orc warrior hits you from afar with a +0 halberd! 😕 HP[-9] MP[-1]
You take 9 damage, and now have 43/52 hp.
You lost 1 mp, and now have 2/18 mp.
The searing ray hits the orc warrior!
The orc warrior hits you from afar with a +0 halberd! 😮 HP[-12] MP[-1]
You take 12 damage, and now have 31/52 hp.
MASSIVE DAMAGE!! (PAUSE)
You lost 1 mp, and now have 1/18 mp.
The searing ray hits the orc warrior!
You finish channeling your searing ray.
You block the orc warrior's attack. 😮 MP[-1]
You lost 1 mp, and now have 0/18 mp.
Aiming: Corrosive Bolt
Press: ? - help, Shift-Dir - straight line, f/p - orc warrior
Aim: an orc warrior, wielding a +0 halberd and wearing a +0 chain mail (almost dead, 32% to evade)
The bolt of acid hits the orc warrior!
The orc warrior is splashed with acid.
The acid corrodes the orc warrior!
You kill the orc warrior! 😮 HP[+1] 😮 MP[+1]
An orc warrior is nearby! 😮 HP[+2] MP[+1]
You regained 2 hp, and now have 34/52 hp.
The orc warrior shouts! 😮 MP[+1]
There is an empty arch of ancient stone, spattered with blood here.
You see here a +0 hand axe.
An orc warrior is nearby!
It was a potion of attraction.
You feel attractive to monsters.
The orc warrior is pulled toward you! 😮 HP[+1] It was a potion of ambrosia.
You are confused.
You feel invigorated.
The orc warrior hits you with a +3 halberd!!
* * * LOW HITPOINT WARNING * * *
😨 HP[-19] MP[+3]
You take 19 damage, and now have 16/52 hp.
MASSIVE DAMAGE!! (PAUSE)
You regained 3 mp, and now have 6/18 mp.
Okay, then.
You bump into the stone wall.
The orc warrior hits you with a +3 halberd!
* * * LOW HITPOINT WARNING * * *
😱 HP[-12] MP[+5]
You take 12 damage, and now have 4/52 hp.
MASSIVE DAMAGE!! (PAUSE)
You regained 5 mp, and now have 11/18 mp.
The orc warrior hits you with a +3 halberd!
You die...
Your body crumbles into a pile of gold.

Skill      XL: |  1  2  3  4  5  6  7  8 |
---------------+-------------------------+-----
Spellcasting   | 3 4 5 6 |  6.9
Hexes          | 1 2 3 4 |  4.0
Conjurations   | 5 6 |  6.4
Translocations | 1 2 3 |  3.7
Dodging        | |  1.7
Stealth        | |  1.7

Action                   |  1- 3 |  4- 6 |  7- 9 || total
-------------------------+-------+-------+-------++-------
Melee: Unarmed           |    23 |       |       ||    23
       Mace              |    12 |       |       ||    12
       Lajatang          |       |       |    12 ||    12
Throw: Stone             |     1 |       |       ||     1
 Cast: Magic Dart        |    98 |   168 |   108 ||   374
       Searing Ray       |     2 |    13 |    13 ||    28
Invok: Potion Petition   |       |       |     1 ||     1
Evoke: Wand              |       |       |     1 ||     1
  Use: Scroll            |       |       |     6 ||     6
       Potion            |       |       |     3 ||     3
Armor: Robe              |    14 |     7 |    11 ||    32
Dodge: Dodged            |    28 |    17 |    31 ||    76
Block: Other             |     7 |     7 |    13 ||    27
       Reflection        |     3 |     2 |       ||     5

Levels and vault maps discovered:
D:1:      wander_arrival_lonely_grave, layout_basic, minmay_ruptured
D:2:      layout_loops_ring, pdpol_wu_jian_five_deadly_venoms,
          okawaru_altar_gauntlet_db, dancing_weapons_uskayaw,
          grunt_gozag_breadcrumbs, minmay_misc_feat_diagonals,
          serial_bayou_pond_a
D:3:      layout_basic, overflow_temple_1_default, grunt_ministairs_15,
          nemelex_lonely_heart_becter
D:4:      layout_loops_ring, lemuel_coloured_pillars_altar, led_xom_imps,
          temple_statues, nicolae_qazlal_general_emergency
D:5:      layout_basic, gammafunk_temple_overflow_elements, basic_altar,
          minmay_starry_boxes
D:6:      layout_basic, cheibrodos_worm_habitat, serial_glass, glass_columns_c,
          glass_columns_a, gammafunk_ghost_abyssal_escape
D:7:      layout_gridville, enter_bailey_2, serial_shops,
          nicolae_shop_window_shopping
Bailey:   bailey_polearm_5, bailey

Notes
Turn   | Place    | Note
-------+----------+-------------------------------------------
     0 | D:1      | phalm the Demonspawn Conjurer began the quest for the Orb.
     0 | D:1      | Reached XP level 1. HP: 13/13 MP: 3/3
     0 | D:1      | magus.rc [v1.9.10]
   299 | D:1      | Gained mutation: You are partially covered in thin metallic
                  | scales. (AC +2) [demonic ancestry]
   299 | D:1      | Reached XP level 2. HP: 19/19 MP: 1/5
   939 | D:1      | Learned a level 2 spell: Searing Ray
   971 | D:1      | Gained mutation: Your flesh is cold resistant. (rC+)
                  | [demonic ancestry]
   971 | D:1      | Reached XP level 3. HP: 24/24 MP: 1/7
   979 | D:1      | Reached skill level 3 in Spellcasting
  2310 | D:2      | HP: 6/24 [worm (11)]
  2635 | D:2      | Reached XP level 4. HP: 23/30 MP: 4/9
  2773 | D:2      | Found an iron altar of Okawaru.
  3019 | D:2      | Learned a level 4 spell: Fulminant Prism
  3272 | D:2      | Noticed a +0 dagger
  3273 | D:2      | Noticed a +0 dagger
  3275 | D:2      | Found a hide-covered altar of Uskayaw.
  3331 | D:2      | Found an ornate altar of the Wu Jian Council.
  3537 | D:2      | Found an opulent altar of Gozag.
  3542 | D:2      | Became a worshipper of Gozag Ym Sagoz the Greedy
  3735 | D:3      | Found a sparkling altar of Nemelex Xobeh.
  3912 | D:3      | Reached skill level 4 in Spellcasting
  4006 | D:3      | Reached XP level 5. HP: 35/35 MP: 9/11
  4011 | D:3      | Learned a level 4 spell: Iskenderun's Mystic Blast
  4143 | D:3      | Found a blossoming altar of Fedhas.
  4882 | D:3      | Reached skill level 1 in Hexes
  5056 | D:4      | Noticed an ogre
  5069 | D:4      | Killed an ogre
  5070 | D:4      | Reached skill level 5 in Conjurations
  5070 | D:4      | Reached skill level 1 in Translocations
  5088 | D:4      | Reached XP level 6. HP: 41/41 MP: 5/12
  5263 | D:4      | Found a staircase to the Ecumenical Temple.
  5462 | D:4      | Found a stormy altar of Qazlal.
  5633 | D:4      | Reached skill level 2 in Hexes
  5908 | D:4      | Reached skill level 5 in Spellcasting
  5908 | D:4      | Reached skill level 2 in Translocations
  6324 | D:4      | Found a shimmering altar of Xom.
  6338 | D:4      | Reached XP level 7. HP: 43/46 MP: 3/14
  6587 | D:4      | Found a shadowy altar of Dithmenos.
  6618 | D:5      | Entered Level 5 of the Dungeon
  7522 | D:5      | Found a white marble altar of Elyvilon.
  7522 | D:5      | Found a glowing silver altar of Zin.
  7705 | D:5      | Reached skill level 3 in Hexes
  7745 | D:5      | Found an iron altar of Okawaru.
  8068 | D:6      | Reached skill level 6 in Spellcasting
  8068 | D:6      | Reached skill level 3 in Translocations
  8170 | D:6      | Gained mutation: You are mostly covered in thin metallic
                  | scales. (AC +3) [demonic ancestry]
  8170 | D:6      | Reached XP level 8. HP: 51/52 MP: 9/17
  8457 | D:6      | Reached skill level 6 in Conjurations
  8640 | D:6      | Found a transporter.
  8649 | D:6      | Noticed a soul eater
  8661 | D:6      | Found a transporter.
  8661 | D:6      | Noticed a toenail golem
  8811 | D:6      | Found a one-way gate to the infinite horrors of the Abyss.
  8811 | D:6      | Noticed Ekaitz's ghost (novice DsWz)
  8815 | D:6      | Identified the +3 flail "Fahug" {distort, Int+5}
  8876 | D:6      | Found a snail-covered altar of Cheibriados.
  9159 | D:7      | Found a flagged portal.
  9168 | Bailey   | Entered a bailey
  9187 | Bailey   | HP: 7/52 [orc/+0 halberd (13)]
  9434 | Bailey   | Reached skill level 4 in Hexes
  9487 | Bailey   | HP: 4/52 [orc warrior/+3 halberd (17)]
  9488 | Bailey   | Slain by an orc warrior

Vanquished Creatures
  A sky beast (D:6)
  4 orc warriors (Bailey)
  2 ogres (D:4)
  A bullfrog (D:6)
  A scorpion (D:5)
  4 crimson imps (D:4)
  A hound (D:4)
  A jelly (D:5)
  An iguana (D:6)
  5 orc wizards
  2 worker ants
  A killer bee zombie (D:5)
  7 adders
  A howler monkey skeleton (D:6)
  2 ufetubi
  An ooze (D:4)
  An adder zombie (D:5)
  2 adder skeletons
  7 worms
  9 dart slugs
  6 leopard geckos
  48 orcs
  2 ball pythons
  11 bats
  A giant cockroach (D:3)
  7 goblins
  6 hobgoblins
  14 jackals
  12 kobolds
  5 quokkas
  5 frilled lizards
  A giant cockroach zombie (D:4)
  A quokka skeleton (D:4)
  7 rats
180 creatures vanquished.

Vanquished Creatures (others)
  7 plants (D:2)
7 creatures vanquished.

Grand Total: 187 creatures vanquished

Table legend:
 A = Non-vault XP
 B = Vault XP
 C = Vault XP percentage of total XP
 D = Non-vault monster count
 E = Vault monster count
 F = Vault count percentage of total count
                 A         B        C        D         E       F
            +---------+---------+-------+---------+---------+-------
      Total |    1304 |     855 |  39.6 |     140 |      40 |  22.2
            +---------+---------+-------+---------+---------+-------
        D:1 |      53 |       3 |   5.4 |      27 |       2 |   6.9
        D:2 |     108 |      13 |  10.7 |      33 |       6 |  15.4
        D:3 |      68 |       3 |   4.2 |      25 |       2 |   7.4
        D:4 |     448 |     200 |  30.9 |      26 |       4 |  13.3
        D:5 |     205 |      54 |  20.8 |      12 |       5 |  29.4
        D:6 |     388 |       5 |   1.3 |      15 |       1 |   6.2
        D:7 |      34 |       0 |   0.0 |       2 |       0 |   0.0
     Bailey |       0 |     577 | 100.0 |       0 |      20 | 100.0
            +---------+---------+-------+---------+---------+-------

Illustrated notes

Table legend:
 A = Kills in this place as a percentage of kills in entire the game.
 B = Kills by you in this place as a percentage of kills by you in the entire game.
 C = Kills by friends in this place as a percentage of kills by friends in the entire game.
 D = Other kills in this place as a percentage of other kills in the entire game.
 E = Experience gained in this place as a percentage of experience gained in the entire game.
 F = Experience gained in this place divided by the number of levels of this place that you have seen.
                   A       B       C       D       E      F
               +-------+-------+-------+-------+-------+----------------------
         Total | 100.0 | 100.0 |   N/A |   N/A | 100.0 | 269.9
       Dungeon |  88.9 |  88.9 |   N/A |   N/A |  73.3 | 226.0
        Bailey |  11.1 |  11.1 |   N/A |   N/A |  26.7 | 577.0
               +-------+-------+-------+-------+-------+----------------------

Table legend: (Time is in decaauts)
 A = Elapsed time spent in this place.
 B = Non-inter-level travel time spent in this place.
 C = Inter-level travel time spent in this place.
 D = Time resting spent in this place.
 E = Time spent auto-exploring this place.
 F = Levels seen in this place.
 G = Mean time per level.
                   A        B        C        D        E       F      G
               +--------+--------+--------+--------+--------+-----+--------+
         Total |   9518 |   9280 |    238 |    169 |   7997 |   8 | 1189.8 |
       Dungeon |   9191 |   8953 |    238 |    169 |   7770 |   7 | 1313.0 |
        Bailey |    327 |    327 |      0 |      0 |    226 |   1 |  327.0 |
               +--------+--------+--------+--------+--------+-----+--------+

Top non-repeatable levels by time:
     D:1: 1913 daAuts
     D:2: 1707 daAuts
     D:3: 1505 daAuts
     D:4: 1505 daAuts
     D:6: 1320 daAuts
     D:5: 1173 daAuts
  Bailey: 327 daAuts
     D:7: 65 daAuts
